 Dungeon Crawl Stone Soup version 0.30-a0-161-gdd60e06945 (webtiles) character file.

Game seed: 14005909691984466712

18707 qw the Cleaver (level 12, 0/75 HPs)
             Began as a Gargoyle Fighter on Sept 27, 2022.
             Was a High Priest of Okawaru.
             Slain by a six-headed hydra (1 damage)
             ... on level 2 of the Lair of Beasts.
             The game lasted 00:04:11 (11593 turns).

qw the Cleaver (Gargoyle Fighter)                  Turns: 11593, Time: 00:04:11

Health: 0/75       AC: 40    Str: 34    XL:     12   Next: 61%
Magic:  15/19      EV:  9    Int:  9    God:    Okawaru [*****.]
Gold:   35         SH: 14    Dex:  8    Spells: 11/11 levels left

rFire   . . .      SeeInvis +    t - +1 flail (protect)
rCold   . . .      Faith    .    v - +2 kite shield
rNeg    + . .      Spirit   .    i - +0 plate armour
rPois   inf        Reflect  .    w - +2 hat {Stlth+}
rElec   +          Harm     .    s - +2 cloak
rCorr   .          Rampage  .    l - +0 pair of gloves
Will    .....                    f - +0 pair of boots
Stlth   ..........               m - amulet of the acrobat
HPRegen 0.22/turn                n - ring of see invisible
MPRegen 0.16/turn                b - +6 ring of strength

@: about to teleport, heroic, finesse-ful, under a protective aura
A: sickness immunity, AC +8, negative energy resistance 1, electricity
resistance, torment resistance 1, petrification resistance, horns 1, strong 1
a: Renounce Religion, Heroism, Finesse, Duel


You were on level 2 of the Lair of Beasts.
You worshipped Okawaru.
Okawaru was extremely pleased with you.
You visited 3 branches of the dungeon, and saw 12 of its levels.

You collected 739 gold pieces.
You spent 704 gold pieces at shops.


Innate Abilities, Weirdness & Mutations

You are immune to sickness and miasma.
Your stone body is resilient. (AC +8)
You are immune to poison.
You resist negative energy. (rN+)
You are resistant to electric shocks. (rElec)
You are resistant to unholy torment.
You are immune to petrification.
You have a pair of small horns on your head.
Your muscles are strong. (Str +4, Int/Dex -1)


   Skills:
 + Level 8.8(13.8) Fighting
 - Level 11.6(16.6) Axes
 - Level 1.7(6.7) Throwing
 - Level 8.2(13.2) Armour
 - Level 1.3(6.3) Dodging
 - Level 10.0(15.0) Shields
 - Level 10.0 Invocations


You had 11 spell levels left.
You didn't know any spells.
Your spell library was empty.

Inventory:

Hand Weapons
 t - a +1 flail of protection (weapon)
 Y - a +1 war axe
Missiles
 e - 4 boomerangs (quivered)
Armour
 f - a +0 pair of boots (worn)
 i - a +0 plate armour (worn)
 l - a +0 pair of gloves (worn)
 s - a +2 cloak (worn)
 v - a +2 kite shield (worn)
 w - a +2 hat of stealth (worn)
Jewellery
 b - a +6 ring of strength (right hand)
 m - an amulet of the acrobat (around neck)
 n - a ring of see invisible (left hand)
Scrolls
 a - 9 scrolls of identify
 q - a scroll of teleportation
Potions
 c - 5 potions of curing
 d - 2 potions of might
 g - 4 potions of mutation
 h - 3 potions of haste
 j - a potion of lignification
 k - 2 potions of attraction
 o - a potion of resistance
 p - 2 potions of cancellation
 r - 7 potions of heal wounds
 u - a potion of magic

Dungeon Overview and Level Annotations

Branches:
Dungeon (9/15)             Temple (1/1) D:5            Lair (1/5) D:9
    Orc: D:9-12

Altars:
Ashenzari
Cheibriados
Dithmenos
Elyvilon
Fedhas
Gozag
Hepliaklqana
Kikubaaqudgha
Makhleb
Nemelex Xobeh
Okawaru
Qazlal
Ru
Sif Muna
Trog
Uskayaw
Vehumet
Wu Jian
Xom
Yredelemnul
Zin
The Shining One

Shops:
D:5 *   D:8 !

Annotations:
D:6 4 runed translucent doors, Crazy Yiuf; qw's ghost, novice GrFi


Message History

You kill the death yak!
Okawaru is honoured by your kill. Okawaru grants you a weapon!
Something appears at your feet!
You see here a +1 broad axe of flaming.
Your base Armour skill increases to level 8!
You barely miss the six-headed hydra.
Your headbutt misses the six-headed hydra.
The six-headed hydra bites you but does no damage. x3
You block the six-headed hydra's attack. x3
You hit the six-headed hydra.
Your headbutt misses the six-headed hydra.
The six-headed hydra is lightly wounded.
You thump the six-headed hydra!
The six-headed hydra is lightly wounded.
You sock the six-headed hydra!
The six-headed hydra is moderately wounded.
You block the six-headed hydra's attack.
The six-headed hydra bites you but does no damage. x2
The six-headed hydra barely misses you.
The six-headed hydra bites you but does no damage.
You block the six-headed hydra's attack.
You bludgeon the six-headed hydra!!
The six-headed hydra is severely wounded.
You hit the six-headed hydra but do no damage.
The six-headed hydra is severely wounded.
The six-headed hydra bites you but does no damage.
You block the six-headed hydra's attack.
The six-headed hydra bites you!
You block the six-headed hydra's attack.
The six-headed hydra bites you but does no damage.
The six-headed hydra bites you!
11593 ||| READING 2 scrolls of teleportation.
As you read the scroll of teleportation, it crumbles to dust.
You feel strangely unstable. The six-headed hydra bites you.
The six-headed hydra bites you but does no damage.
You block the six-headed hydra's attack.
The six-headed hydra misses you.
The six-headed hydra bites you but does no damage.
The six-headed hydra bites you.
You die...

#..............#...#
#.....##..P####....
#....##########...# .
#...####.##.#.#...# #..
#.......).....#..# ....
#............#...#.....
#..........%.#:<.....YY
#......P###.#%D%.#.#
#...##### ####@### .
#...# ### #.... #...


You could see a six-headed hydra.

Vanquished Creatures
  Gastronok (D:9)
  2 two-headed ogres (D:9)
  14 death yaks
  A black mamba (Lair:2)
  Maggie (Lair:1)
  6 blink frogs (Lair:1)
  A wraith (D:8)
  7 yaks
  A wyvern (D:7)
  A basilisk (Lair:1)
  2 steam dragons
  3 sky beasts
  3 ice beasts
  2 orc warriors (D:9)
  3 ogres
  4 black bears
  10 wolves (Lair:1)
  3 centaurs
  A phantom (D:6)
  6 scorpions
  7 bullfrogs
  2 gnoll sergeants (D:9)
  A necrophage (D:2)
  6 wights
  3 howler monkeys
  4 hounds
  2 gnoll boudas
  4 jellies
  4 orc priests
  3 iguanas
  Natasha (thrice) (D:4)
  9 orc wizards
  A statue (D:4)
  27 gnolls
  4 adders
  2 shadow imps
  A white imp (D:5)
  2 ufetubi
  2 worms (D:3)
  2 dart slugs
  30 orcs
  4 bats
  11 endoplasms
  4 giant cockroaches
  7 goblins
  4 hobgoblins
  9 jackals
  5 kobolds
  7 quokkas
  5 ball pythons
  A frilled lizard (D:1)
  6 rats
254 creatures vanquished.

Vanquished Creatures (others)
  A fungus (Lair:2)
  2 plants (Lair:1)
3 creatures vanquished.

Grand Total: 257 creatures vanquished

Notes
Turn   | Place    | Note
-------+----------+-------------------------------------------
     0 | D:1      | qw the Gargoyle Fighter began the quest for the Orb.
     0 | D:1      | Reached XP level 1. HP: 14/14 MP: 1/1
     0 | D:1      | 0 ||| qw: Version: 0.2-a-10-g37ed214
     0 | D:1      | 0 ||| qw: Game counter: 640
     0 | D:1      | 0 ||| qw: Always use a shield: true
     0 | D:1      | 0 ||| qw: God list: Okawaru
     0 | D:1      | 0 ||| qw: Allow faded altars: false
     0 | D:1      | 0 ||| qw: Do Orc after D:15 true
     0 | D:1      | 0 ||| qw: Do second Lair branch before Depths: true
     0 | D:1      | 0 ||| qw: Lair rune preference: random
     0 | D:1      | 0 ||| qw: Plans: Normal, Zot:1-4, God:TSO, Crypt, Tomb,
                  | Pan, Slime:5, Hells, Abyss, Orb
     0 | D:1      | 0 ||| PLANNING D:1-11
    44 | D:1      | Reached skill level 2 in Axes
   119 | D:1      | Reached XP level 2. HP: 19/19 MP: 2/2
   528 | D:1      | Reached skill level 3 in Axes
   649 | D:1      | Reached XP level 3. HP: 23/23 MP: 3/3
   865 | D:1      | 865 ||| UPGRADING to +0 pair of gloves.
   870 | D:1      | 870 ||| DROPPING +6 ring of intelligence.
   871 | D:1      | 871 ||| READING scroll labelled USAGHI AGGUW.
   872 | D:1      | 872 ||| READING scroll labelled ESHEZX OSAWKO.
   873 | D:1      | 873 ||| READING scroll labelled LAMMAMPUQI.
   874 | D:1      | 874 ||| READING scroll labelled OTUCIH KABIT.
   920 | D:1      | 920 ||| READING scroll labelled NUTZYR LA AMA.
   921 | D:1      | 921 ||| READING scroll labelled PUWOSS OVVARE.
   922 | D:1      | 922 ||| READING scroll labelled BOCUPS POQE.
   923 | D:1      | 923 ||| READING 2 scrolls labelled WOHUACWASTO.
   962 | D:2      | 962 ||| STAIRDANCE
  1175 | D:2      | 1175 ||| Stepping ~*~*~tactically~*~*~ (stealth).
  1435 | D:2      | Noticed a necrophage
  1444 | D:2      | Killed a necrophage
  1445 | D:2      | Reached skill level 4 in Axes
  1445 | D:2      | Reached XP level 4. HP: 23/28 MP: 4/4
  1511 | D:2      | Found a faded altar of an unknown god.
  1533 | D:2      | 1533 ||| DROPPING +0 whip.
  2104 | D:2      | 2104 ||| UPGRADING to +0 pair of boots.
  2109 | D:2      | 2109 ||| UPGRADING to +0 chain mail.
  2119 | D:2      | 2119 ||| DROPPING +0 scale mail.
  2120 | D:2      | 2120 ||| READING scroll labelled MOOTHR EJ JAKODGH.
  2121 | D:2      | 2121 ||| READING scroll labelled DOFODD ROCIVE.
  2122 | D:2      | 2122 ||| DRINKING 2 ruby potions.
  2123 | D:2      | 2123 ||| READING 2 scrolls of identify.
  2123 | D:2      | 2123 ||| IDENTIFYING amethyst potion
  2175 | D:3      | 2175 ||| STAIRDANCE
  2257 | D:3      | Reached XP level 5. HP: 32/32 MP: 5/5
  2262 | D:3      | 2262 ||| Stepping ~*~*~tactically~*~*~ (stealth).
  2265 | D:3      | 2265 ||| Stepping ~*~*~tactically~*~*~ (stealth).
  2274 | D:3      | 2274 ||| Stepping ~*~*~tactically~*~*~ (stealth).
  2728 | D:3      | 2728 ||| UPGRADING to +0 plate armour.
  2738 | D:3      | 2738 ||| DROPPING +0 chain mail.
  2739 | D:3      | 2739 ||| UPGRADING to amulet of the acrobat.
  2744 | D:3      | 2744 ||| UPGRADING to ring of see invisible.
  2745 | D:3      | 2745 ||| READING 2 scrolls labelled ZONKUC MOAPA.
  2746 | D:3      | 2746 ||| DRINKING 2 clear potions.
  2746 | D:3      | Gained mutation: You are frail. (-10% HP) [potion of
                  | mutation]
  2746 | D:3      | Gained mutation: You are partially covered in iridescent
                  | scales. (AC +2) [potion of mutation]
  2747 | D:3      | 2747 ||| DRINKING potion of mutation.
  2747 | D:3      | Lost mutation: You are frail. (-10% HP) [potion of
                  | mutation]
  2747 | D:3      | Lost mutation: You are partially covered in iridescent
                  | scales. (AC +2) [potion of mutation]
  2747 | D:3      | Gained mutation: Your muscles are strong. (Str +4, Int/Dex
                  | -1) [potion of mutation]
  2747 | D:3      | Gained mutation: You have a pair of small horns on your
                  | head. [potion of mutation]
  2784 | D:3      | 2784 ||| READING 2 scrolls of identify.
  2784 | D:3      | 2784 ||| IDENTIFYING bubbling sapphire potion
  2785 | D:3      | 2785 ||| DROPPING potion of flight.
  2786 | D:3      | 2786 ||| DROPPING scroll of magic mapping.
  2909 | D:4      | 2909 ||| Stepping ~*~*~tactically~*~*~ (stealth).
  3034 | D:4      | Reached skill level 5 in Axes
  3197 | D:4      | Reached XP level 6. HP: 31/38 MP: 6/6
  3362 | D:4      | Found a radiant altar of Vehumet.
  3399 | D:4      | 3399 ||| Stepping ~*~*~tactically~*~*~ (hiding).
  3528 | D:4      | 3528 ||| Stepping ~*~*~tactically~*~*~ (hiding).
  3648 | D:4      | Noticed Natasha
  3663 | D:4      | Killed Natasha
  3782 | D:4      | Noticed Natasha
  3784 | D:4      | Killed Natasha
  3820 | D:4      | Reached skill level 6 in Axes
  3896 | D:4      | Reached XP level 7. HP: 43/43 MP: 7/7
  3898 | D:4      | Noticed Natasha
  3899 | D:4      | 3899 ||| Stepping ~*~*~tactically~*~*~ (stealth).
  3909 | D:4      | Killed Natasha
  4214 | D:4      | Found a basalt altar of Yredelemnul.
  4242 | D:4      | 4242 ||| UPGRADING to +6 ring of strength.
  4248 | D:4      | 4248 ||| DRINKING 2 green potions.
  4273 | D:5      | Entered Level 5 of the Dungeon
  4274 | D:5      | 4274 ||| Stepping ~*~*~tactically~*~*~ (hiding).
  4277 | D:5      | 4277 ||| Stepping ~*~*~tactically~*~*~ (hiding).
  4400 | D:5      | 4400 ||| Stepping ~*~*~tactically~*~*~ (stealth).
  4407 | D:5      | Reached skill level 1 in Dodging
  4514 | D:5      | Reached skill level 7 in Axes
  4621 | D:5      | Reached XP level 8. HP: 45/48 MP: 8/8
  4683 | D:5      | 4683 ||| Stepping ~*~*~tactically~*~*~ (hiding).
  4684 | D:5      | 4684 ||| Stepping ~*~*~tactically~*~*~ (hiding).
  4709 | D:5      | 4709 ||| Stepping ~*~*~tactically~*~*~ (stealth).
  4748 | D:5      | 4748 ||| FLEEEEING.
  4751 | D:5      | 4751 ||| FLEEEEING.
  4754 | D:5      | 4754 ||| FLEEEEING.
  4755 | D:5      | 4755 ||| FLEEEEING.
  4757 | D:5      | 4757 ||| FLEEEEING.
  4758 | D:5      | 4758 ||| FLEEEEING.
  4759 | D:5      | 4759 ||| FLEEEEING.
  4760 | D:5      | 4760 ||| FLEEEEING.
  4761 | D:5      | 4761 ||| FLEEEEING.
  4861 | D:5      | Found Dolasu's Neck Hole.
  4864 | D:5      | 4864 ||| Stepping ~*~*~tactically~*~*~ (stealth).
  4865 | D:5      | 4865 ||| Stepping ~*~*~tactically~*~*~ (stealth).
  4897 | D:5      | 4897 ||| BUYING +0 cloak (58 gold).
  4897 | D:5      | Bought a +0 cloak for 58 gold pieces
  4897 | D:5      | 4897 ||| BUYING +2 cloak (214 gold).
  4897 | D:5      | Bought a +2 cloak for 214 gold pieces
  4897 | D:5      | 4897 ||| SHOPLISTING amulet of regeneration (390 gold, have
                  | 49).
  4997 | D:5      | Found a bloodstained altar of Trog.
  5058 | D:5      | Found a hide-covered altar of Uskayaw.
  5086 | D:5      | Reached skill level 8 in Axes
  5185 | D:5      | Found a staircase to the Ecumenical Temple.
  5186 | D:5      | 5186 ||| PLANNING TEMPLE
  5186 | D:5      | 5186 ||| UPGRADING to +0 cloak.
  5191 | D:5      | 5191 ||| UPGRADING to +2 cloak.
  5201 | D:5      | 5201 ||| DROPPING +0 cloak.
  5202 | D:5      | 5202 ||| READING 3 scrolls of identify.
  5202 | D:5      | 5202 ||| IDENTIFYING glowing clear potion
  5203 | D:5      | 5203 ||| DROPPING potion of ambrosia.
  5213 | Temple   | Entered the Ecumenical Temple
  5214 | Temple   | 5214 ||| PLANNING D:1-11
  5519 | D:6      | Identified the +0 chain mail of the Old World {rF+ Str+3
                  | Dex-3}
  5520 | D:6      | Noticed qw's ghost (novice GrFi)
  5525 | D:6      | 5525 ||| Stepping ~*~*~tactically~*~*~ (stealth).
  5525 | D:6      | Found a runed translucent gate.
  5530 | D:6      | 5530 ||| Stepping ~*~*~tactically~*~*~ (stealth).
  5563 | D:6      | 5563 ||| Stepping ~*~*~tactically~*~*~ (stealth).
  5563 | D:6      | Found a runed translucent gate.
  5565 | D:6      | 5565 ||| Stepping ~*~*~tactically~*~*~ (stealth).
  5565 | D:6      | Found a runed translucent gate.
  5579 | D:6      | 5579 ||| Stepping ~*~*~tactically~*~*~ (stealth).
  5581 | D:6      | 5581 ||| Stepping ~*~*~tactically~*~*~ (stealth).
  6011 | D:6      | Reached skill level 6 in Fighting
  6237 | D:6      | Found a shimmering altar of Xom.
  6357 | D:6      | Reached XP level 9. HP: 55/55 MP: 9/9
  6373 | D:6      | Found a burning altar of Makhleb.
  6585 | D:6      | Found a runed translucent door.
  6586 | D:6      | Noticed Crazy Yiuf
  6647 | D:6      | 6647 ||| READING scroll labelled NOENUU BAS TUA.
  6687 | D:7      | Reached skill level 9 in Axes
  7057 | D:7      | 7057 ||| Stepping ~*~*~tactically~*~*~ (hiding).
  7135 | D:7      | Found a flagged portal.
  7171 | D:7      | Found an iron altar of Okawaru.
  7172 | D:7      | 7172 ||| PLANNING OKAWARU WORSHIP
  7172 | D:7      | 7172 ||| READING 6 scrolls of identify.
  7172 | D:7      | 7172 ||| IDENTIFYING smoky purple potion
  7173 | D:7      | 7173 ||| READING 5 scrolls of identify.
  7173 | D:7      | 7173 ||| IDENTIFYING metallic inky potion
  7182 | D:7      | Became a worshipper of Warmaster Okawaru
  7183 | D:7      | 7183 ||| PLANNING D:1-11
  7220 | D:7      | 7220 ||| Stepping ~*~*~tactically~*~*~ (hiding).
  7231 | D:7      | Reached skill level 6 in Armour
  7260 | D:7      | 7260 ||| Stepping ~*~*~tactically~*~*~ (hiding).
  7269 | D:7      | 7269 ||| FLEEEEING.
  7327 | D:7      | 7327 ||| DROPPING +0 flail.
  7391 | D:7      | 7391 ||| Stepping ~*~*~tactically~*~*~ (stealth).
  7392 | D:7      | 7392 ||| Stepping ~*~*~tactically~*~*~ (stealth).
  7428 | D:7      | Reached skill level 1 in Throwing
  7849 | D:8      | Found Pileril's Distillery.
  7851 | D:8      | 7851 ||| Stepping ~*~*~tactically~*~*~ (hiding).
  7868 | D:8      | 7868 ||| DRINKING 3 potions of curing.
  7868 | D:8      | 7868 ||| (to cure confusion)
  7871 | D:8      | 7871 ||| DRINKING 2 potions of curing.
  7871 | D:8      | 7871 ||| (to cure confusion)
  7873 | D:8      | Reached * piety under Okawaru
  7891 | D:8      | 7891 ||| FLEEEEING.
  7892 | D:8      | 7892 ||| FLEEEEING.
  7893 | D:8      | 7893 ||| FLEEEEING.
  7894 | D:8      | 7894 ||| STAIRDANCE
  7959 | D:8      | 7959 ||| STAIRDANCE
  7964 | D:8      | 7964 ||| STAIRDANCE
  7968 | D:7      | Reached skill level 1 in Invocations
  7994 | D:8      | 7994 ||| STAIRDANCE
  7999 | D:8      | 7999 ||| STAIRDANCE
  8001 | D:8      | 8001 ||| STAIRDANCE
  8003 | D:8      | 8003 ||| STAIRDANCE
  8005 | D:8      | 8005 ||| STAIRDANCE
  8007 | D:7      | 8007 ||| DRINKING potion of curing.
  8007 | D:7      | 8007 ||| (to cure confusion)
  8026 | D:8      | 8026 ||| STAIRDANCE
  8034 | D:7      | 8034 ||| INVOKING Heroism.
  8139 | D:8      | 8139 ||| STAIRDANCE
  8196 | D:8      | 8196 ||| STAIRDANCE
  8246 | D:8      | 8246 ||| STAIRDANCE
  8325 | D:8      | 8325 ||| Stepping ~*~*~tactically~*~*~ (stealth).
  8419 | D:8      | Reached skill level 3 in Invocations
  8419 | D:8      | Reached XP level 10. HP: 63/63 MP: 12/12
  8505 | D:8      | 8505 ||| Stepping ~*~*~tactically~*~*~ (stealth).
  8659 | D:8      | 8659 ||| Stepping ~*~*~tactically~*~*~ (hiding).
  8660 | D:8      | 8660 ||| Stepping ~*~*~tactically~*~*~ (hiding).
  8661 | D:8      | 8661 ||| Stepping ~*~*~tactically~*~*~ (hiding).
  8662 | D:8      | 8662 ||| Stepping ~*~*~tactically~*~*~ (hiding).
  8901 | D:8      | 8901 ||| READING 4 scrolls of identify.
  8901 | D:8      | 8901 ||| IDENTIFYING lumpy amethyst potion
  8971 | D:9      | 8971 ||| INVOKING Heroism.
  9056 | D:9      | 9056 ||| Stepping ~*~*~tactically~*~*~ (stealth).
  9058 | D:9      | 9058 ||| Stepping ~*~*~tactically~*~*~ (stealth).
  9066 | D:9      | Reached skill level 10 in Axes
  9073 | D:9      | 9073 ||| INVOKING Heroism.
  9292 | D:9      | 9292 ||| Stepping ~*~*~tactically~*~*~ (hiding).
  9293 | D:9      | 9293 ||| Stepping ~*~*~tactically~*~*~ (hiding).
  9294 | D:9      | 9294 ||| Stepping ~*~*~tactically~*~*~ (hiding).
  9297 | D:9      | 9297 ||| INVOKING Heroism.
  9400 | D:9      | Found a staircase to the Lair.
  9424 | D:9      | 9424 ||| Stepping ~*~*~tactically~*~*~ (stealth).
  9426 | D:9      | 9426 ||| Stepping ~*~*~tactically~*~*~ (stealth).
  9430 | D:9      | 9430 ||| INVOKING Heroism.
  9437 | D:9      | Reached ** piety under Okawaru
  9517 | D:9      | 9517 ||| INVOKING Heroism.
  9587 | D:9      | Noticed a two-headed ogre
  9588 | D:9      | 9588 ||| INVOKING Heroism.
  9593 | D:9      | Killed a two-headed ogre
  9870 | D:9      | 9870 ||| Stepping ~*~*~tactically~*~*~ (stealth).
  9872 | D:9      | 9872 ||| Stepping ~*~*~tactically~*~*~ (hiding).
  9878 | D:9      | 9878 ||| INVOKING Heroism.
  9882 | D:9      | 9882 ||| Stepping ~*~*~tactically~*~*~ (hiding).
  9884 | D:9      | 9884 ||| Stepping ~*~*~tactically~*~*~ (hiding).
  9894 | D:9      | 9894 ||| Stepping ~*~*~tactically~*~*~ (hiding).
  9916 | D:9      | 9916 ||| INVOKING Heroism.
 10139 | D:9      | Noticed a two-headed ogre
 10140 | D:9      | 10140 ||| INVOKING Heroism.
 10146 | D:9      | Killed a two-headed ogre
 10146 | D:9      | Reached *** piety under Okawaru
 10288 | D:9      | Noticed Gastronok
 10289 | D:9      | 10289 ||| INVOKING Heroism.
 10306 | D:9      | Killed Gastronok
 10306 | D:9      | Reached **** piety under Okawaru
 10307 | D:9      | Reached skill level 11 in Axes
 10307 | D:9      | Reached XP level 11. HP: 49/69 MP: 12/14
 10556 | D:9      | 10556 ||| UPGRADING to +2 kite shield.
 10566 | D:9      | 10566 ||| DROPPING +0 buckler.
 10567 | D:9      | 10567 ||| UPGRADING to +2 hat of stealth.
 10572 | D:9      | 10572 ||| READING scroll labelled DAEKLU AFYL.
 10642 | D:8      | 10642 ||| BUYING 2 potions of curing (72 gold).
 10642 | D:8      | Bought 2 potions of curing for 72 gold pieces
 10642 | D:8      | 10642 ||| BUYING potion of cancellation (96 gold).
 10642 | D:8      | Bought a potion of cancellation for 96 gold pieces
 10642 | D:8      | 10642 ||| BUYING potion of curing (36 gold).
 10642 | D:8      | Bought a potion of curing for 36 gold pieces
 10642 | D:8      | 10642 ||| BUYING potion of curing (36 gold).
 10642 | D:8      | Bought a potion of curing for 36 gold pieces
 10642 | D:8      | 10642 ||| BUYING potion of curing (36 gold).
 10642 | D:8      | Bought a potion of curing for 36 gold pieces
 10642 | D:8      | 10642 ||| BUYING potion of heal wounds (60 gold).
 10642 | D:8      | Bought a potion of heal wounds for 60 gold pieces
 10642 | D:8      | 10642 ||| BUYING potion of magic (96 gold).
 10642 | D:8      | Bought a potion of magic for 96 gold pieces
 10642 | D:8      | 10642 ||| PLANNING LAIR
 10687 | Lair:1   | Entered Level 1 of the Lair of Beasts
 10688 | Lair:1   | 10688 ||| INVOKING Heroism.
 10719 | Lair:1   | 10719 ||| INVOKING Heroism.
 10733 | Lair:1   | Reached skill level 6 in Shields
 10746 | Lair:1   | 10746 ||| INVOKING Heroism.
 10814 | Lair:1   | 10814 ||| INVOKING Heroism.
 10863 | Lair:1   | Noticed a death yak
 10863 | Lair:1   | Noticed a death yak
 10864 | Lair:1   | 10864 ||| INVOKING Heroism.
 10864 | Lair:1   | Noticed a death yak
 10864 | Lair:1   | Noticed a death yak
 10865 | Lair:1   | Noticed a death yak
 10866 | Lair:1   | Noticed a death yak
 10875 | Lair:1   | Killed a death yak
 10876 | Lair:1   | Reached skill level 6 in Invocations
 10882 | Lair:1   | Killed a death yak
 10882 | Lair:1   | Noticed Maggie
 10885 | Lair:1   | Killed a death yak
 10885 | Lair:1   | Reached ***** piety under Okawaru
 10886 | Lair:1   | 10886 ||| INVOKING Finesse.
 10889 | Lair:1   | Killed a death yak
 10892 | Lair:1   | Killed a death yak
 10895 | Lair:1   | Killed a death yak
 10902 | Lair:1   | Killed Maggie
 10902 | Lair:1   | Received a gift from Okawaru
 10903 | Lair:1   | Reached XP level 12. HP: 33/75 MP: 11/18
 11188 | Lair:1   | 11188 ||| Stepping ~*~*~tactically~*~*~ (stealth).
 11191 | Lair:1   | 11191 ||| Stepping ~*~*~tactically~*~*~ (stealth).
 11192 | Lair:1   | 11192 ||| INVOKING Heroism.
 11238 | Lair:1   | Reached skill level 9 in Shields
 11353 | Lair:1   | 11353 ||| INVOKING Heroism.
 11398 | Lair:1   | 11398 ||| INVOKING Heroism.
 11434 | Lair:1   | You fall into a shaft and drop 1 floor!
 11467 | Lair:2   | Noticed a death yak
 11468 | Lair:2   | 11468 ||| INVOKING Heroism.
 11469 | Lair:2   | 11469 ||| INVOKING Finesse.
 11474 | Lair:2   | 11474 ||| Stepping ~*~*~tactically~*~*~ (stealth).
 11480 | Lair:2   | 11480 ||| Stepping ~*~*~tactically~*~*~ (stealth).
 11483 | Lair:2   | Killed a death yak
 11525 | Lair:2   | Noticed a death yak
 11525 | Lair:2   | Noticed a death yak
 11526 | Lair:2   | 11526 ||| INVOKING Heroism.
 11526 | Lair:2   | Noticed a death yak
 11527 | Lair:2   | 11527 ||| INVOKING Finesse.
 11527 | Lair:2   | Noticed a death yak
 11528 | Lair:2   | 11528 ||| Stepping ~*~*~tactically~*~*~ (stealth).
 11533 | Lair:2   | Noticed a death yak
 11542 | Lair:2   | Killed a death yak
 11543 | Lair:2   | Reached skill level 9 in Invocations
 11545 | Lair:2   | Noticed a death yak
 11545 | Lair:2   | Noticed a death yak
 11552 | Lair:2   | Killed a death yak
 11555 | Lair:2   | Noticed a six-headed hydra
 11558 | Lair:2   | Killed a death yak
 11562 | Lair:2   | Killed a death yak
 11566 | Lair:2   | 11566 ||| SWAPPING to +1 flail of protection.
 11572 | Lair:2   | Killed a death yak
 11577 | Lair:2   | Killed a death yak
 11586 | Lair:2   | Killed a death yak
 11586 | Lair:2   | Received a gift from Okawaru
 11592 | Lair:2   | HP: 16/75 [six-headed hydra (11)]
 11592 | Lair:2   | HP: 6/75 [six-headed hydra (10)]
 11593 | Lair:2   | 11593 ||| READING 2 scrolls of teleportation.
 11593 | Lair:2   | HP: 1/75 [six-headed hydra (5)]
 11593 | Lair:2   | Slain by a six-headed hydra

Levels and vault maps discovered:
D:1:      sevenhm_arrival_forest_fort_small_6, layout_loops_ring,
          minmay_crystal_room
D:2:      minmay_door_path, layout_basic, hellmonk_ecumenical_altar_arch_garden
D:3:      layout_rooms
D:4:      layout_loops_corners, general_overflow_altar, vehumet_statue,
          minmay_distorted, uniq_natasha
D:5:      layout_cave_pools, nicolae_uskayaw_dance_hall,
          mainiacjoe_overflow_concentric_impassable,
          minmay_temple_entry_statues_fountains, serial_glass, glass_columns_a,
          glass_columns_b, hangedman_decor_growths,
          nicolae_shop_sticking_my_neck_out
D:6:      layout_layer_cave, marbit_many_paths, kennysheep_mini_moat,
          biasface_ghost_orc_armoury, uniq_crazy_yiuf_cottage
D:7:      layout_loops_ring, nicolae_overflow_crystal_walls, enter_bailey_3
D:8:      layout_rooms, serial_shops, nicolae_take_the_stairs,
          nicolae_zen_rock_garden
D:9:      layout_gridville, lair_entry_dummy, uniq_gastronok
Temple:   nicolae_temple_no_exploring_needed
Lair:1:   layout_chaotic_city, beast_lair_carwin_11, grunt_megastairs_3,
          uniq_maggie
Lair:2:   layout_long_grid, minmay_swamp_entry_worms,
          minmay_snake_entry_guardpost_small, gammafunk_ghost_ooze,
          grunt_megastairs_4, infiniplex_staircase_pool_2

Skill      XL: |  1  2  3  4  5  6  7  8  9 10 11 12 |
---------------+-------------------------------------+-----
Axes           | 2 3 4 5 6 7 8 9 11 | 11.6
Fighting       | 4 6 7 8 |  8.8
Armour         | 4 5 6 7 8 |  8.2
Dodging        | 1 |  1.3
Shields        | 4 5 8 10 | 10.0
Throwing       | 1 |  1.7
Invocations    | 3 4 8 10 | 10.0

Action                   |  1- 3 |  4- 6 |  7- 9 | 10-12 || total
-------------------------+-------+-------+-------+-------++-------
Melee: War axe           |    93 |   134 |   270 |   289 ||   786
       Headbutt          |       |    12 |    45 |    69 ||   126
       Flail             |       |       |       |    26 ||    26
Throw: Boomerang         |       |       |    15 |    47 ||    62
Invok: Heroism           |       |       |     1 |    20 ||    21
       Finesse           |       |       |       |     3 ||     3
  Use: Scroll            |     8 |     5 |     4 |     3 ||    20
       Potion            |       |     3 |     4 |       ||     7
Armor: Scale mail        |    48 |    14 |       |       ||    62
       Chain mail        |       |    12 |       |       ||    12
       Plate armour      |       |    58 |   191 |   163 ||   412
Dodge: Dodged            |    48 |    51 |   110 |   111 ||   320
Block: Buckler           |    15 |    28 |    43 |    21 ||   107
       Kite shield       |       |       |       |   106 ||   106

Table legend:
 A = Non-vault XP
 B = Vault XP
 C = Vault XP percentage of total XP
 D = Non-vault monster count
 E = Vault monster count
 F = Vault count percentage of total count
                 A         B        C        D         E       F
            +---------+---------+-------+---------+---------+-------
      Total |   20193 |    6532 |  24.4 |     225 |      29 |  11.4
            +---------+---------+-------+---------+---------+-------
        D:1 |      35 |       0 |   0.0 |      21 |       0 |   0.0
        D:2 |     120 |       2 |   1.6 |      17 |       1 |   5.6
        D:3 |      42 |       0 |   0.0 |      12 |       0 |   0.0
        D:4 |     411 |      71 |  14.7 |      28 |       4 |  12.5
        D:5 |     937 |       0 |   0.0 |      22 |       0 |   0.0
        D:6 |     851 |      83 |   8.9 |      16 |       1 |   5.9
        D:7 |    1449 |       8 |   0.5 |      30 |       4 |  11.8
        D:8 |     911 |       0 |   0.0 |      17 |       0 |   0.0
        D:9 |    3692 |    1549 |  29.6 |      37 |       1 |   2.6
     Lair:1 |    7569 |    1930 |  20.3 |      19 |      14 |  42.4
     Lair:2 |    4176 |    2889 |  40.9 |       6 |       4 |  40.0
            +---------+---------+-------+---------+---------+-------
